 Dungeon Crawl Stone Soup version 0.26-a0-651-gb41185065b (webtiles) character file.

Game seed: 9630613903171330312

(classic levelgen) 2 EnegeticOcto the Shield-Bearer (level 1, -1/20 HPs)
             Began as a Deep Dwarf Fighter on Oct 9, 2020.
             Slain by a kobold
             ... wielding a +2 short sword of electrocution
              (4 damage)
             ... on level 2 of the Dungeon.
             The game lasted 00:00:08 (109 turns).

EnegeticOcto the Shield-Bearer (Deep Dwarf Fighter)  Turns: 109, Time: 00:00:09

Health: -1/20      AC: 11    Str: 19    XL:     1   Next: 25%
Magic:  1/1        EV:  3    Int:  8    God:
Gold:   17         SH:  9    Dex: 12    Spells: 0/0 levels left

rFire    . . .     SeeInvis .   a - +0 war axe
rCold    . . .     Faith    .   c - +0 kite shield
rNeg     . . .     Spirit   .   h - +0 plate armour
rPois    .         Reflect  .   (no helmet)
rElec    .         Harm     .   (no cloak)
rCorr    .         Rampage  .   (no gloves)
MR       .....                  (no boots)
Stlth    ..........             (no amulet)
HPRegen  0.00/turn              (no ring)
MPRegen  0.07/turn              (no ring)

@: non-regenerating
A: damage resistance, heal wounds, sense surroundings 1, no regeneration
a: Heal Wounds


You were on level 2 of the Dungeon.
You visited 1 branch of the dungeon, and saw 2 of its levels.

You collected 17 gold pieces.

Inventory:

Hand Weapons
 a - a +0 war axe (weapon)
Armour
 b - a +0 scale mail
 c - a +0 kite shield (worn)
 h - a +0 plate armour (worn)
Scrolls
 f - a scroll of enchant weapon {unknown}
Potions
 d - a potion of might {@q3}
 e - a potion of degeneration {unknown}
 g - 2 potions of ambrosia {unknown}


   Skills:
 + Level 2.7 Fighting
 * Level 2.2 Axes
 + Level 3.3 Armour
 + Level 3.3 Shields


You couldn't memorise any spells.
You didn't know any spells.
Your spell library was empty.

Dungeon Overview and Level Annotations

Branches:
Dungeon (2/15)

Altars:


Innate Abilities, Weirdness & Mutations

You are resistant to damage.
You can heal yourself by infusing magical energy.
You passively map a small area around you.
You do not regenerate.


Message History

No target in view!
No target in view!
Found a hunting sling.
A frilled lizard comes into view.
The frilled lizard hisses angrily.
Found 2 fizzy pink potions.
A frilled lizard is nearby!
You block the frilled lizard's attack.
You closely miss the frilled lizard. The frilled lizard barely misses you.
You hit the frilled lizard.
You kill the frilled lizard!
No target in view!
No target in view!
No target in view!
No target in view!
No target in view!
No target in view!
No target in view!
No target in view!
No target in view!
No target in view!
No target in view!
No target in view!
No target in view!
No target in view!
No target in view!
No target in view!
No target in view!
No target in view!
Found 15 arrows.
f - a scroll labeled VAXKEPIOBU
g - 2 fizzy pink potions You see here a plate armour.
You start removing your armour.
You continue taking off your +0 scale mail. x4
You finish taking off your +0 scale mail.
You start putting on your armour.
You continue putting on your plate armour. x5
You finish putting on your +0 plate armour.
(D) Dungeon
Where to? (Enter - D:1 @ (x,y), ? - help)
There is a stone staircase leading down here.
You climb downwards.
A kobold comes into view.
It is wielding a +2 short sword of electrocution.
The kobold shouts!
There is a stone staircase leading up here.
A kobold is nearby!
A kobold is nearby!
The kobold throws a stone.
The stone hits you but does no damage.
You see here a stone.
A dart slug comes into view.
You closely miss the kobold. You block the kobold's attack.
You closely miss the kobold. The kobold hits you but does no damage.
You closely miss the kobold. The kobold hits you but does no damage.
You block the kobold's attack.
Your shield and plate armour prevent you from hitting the kobold.
You block the kobold's attack. The dart slug launches a dart at you.
The slug dart hits you but does no damage.
You barely miss the kobold. The kobold hits you but does no damage.
You block the kobold's attack.
You barely miss the kobold. The kobold barely misses you.
The dart slug launches a dart at you.
The slug dart hits you but does no damage.
The kobold hits you but does no damage.
Your shield and plate armour prevent you from hitting the kobold.
A bat comes into view.
The kobold hits you with a +2 short sword of electrocution.
The dart slug launches a dart at you.
The slug dart hits you but does no damage.
You closely miss the kobold. The kobold hits you but does no damage.
You block the bat's attack. The kobold hits you but does no damage.
You are electrocuted!
Ouch! That really hurt!
* * * LOW HITPOINT WARNING * * *
You are too injured to fight recklessly!
There are monsters nearby!
You are too injured to fight recklessly!
You are too injured to fight recklessly!
You are too injured to fight recklessly!
You are too injured to fight recklessly!
You are too injured to fight recklessly!
You are too injured to fight recklessly!
You are too injured to fight recklessly!
You are too injured to fight recklessly!
You are too injured to fight recklessly!
You fail to use your ability.
The bat hits you. The dart slug launches a dart at you.
The slug dart hits you but does no damage.
You block the kobold's attack.
You are too injured to fight recklessly!
You are too injured to fight recklessly!
You are too injured to fight recklessly!
You are too injured to fight recklessly!
You are too injured to fight recklessly!
You are too injured to fight recklessly!
You are too injured to fight recklessly!
You fail to use your ability.
The bat hits you but does no damage. x2
The kobold hits you with a +2 short sword of electrocution.
You die...

* , , , *
######### , ,
#########<.......
......K@(.#######
, #####.wb###
#.... * , #....#
, ,* #...... * *
....###.. #...#
#., , .... * ## ,
,


You could see a dart slug, a bat and a kobold.

Vanquished Creatures
  A frilled lizard (D:1)
  A kobold (D:1)
  A rat (D:1)
3 creatures vanquished.

Notes
Turn   | Place    | Note
-------+----------+-------------------------------------------
     0 | D:1      | EnegeticOcto the Deep Dwarf Fighter began the quest for the
                  | Orb.
     0 | D:1      | Reached XP level 1. HP: 20/20 MP: 1/1
   109 | D:2      | Slain by a kobold

Illustrated notes

Levels and vault maps discovered:
D:1:      tarquinn_simple_flora_water_d, layout_basic
D:2:      layout_rooms, marbit_many_paths, uniq_jessica

Action                   || total
-------------------------++-------
Melee: War axe           ||    15
Armor: Plate armour      ||    11
       Scale mail        ||     2
Dodge: Dodged            ||     2
Block: Kite shield       ||    11

Table legend: (Time is in decaauts)
 A = Elapsed time spent in this place.
 B = Non-inter-level travel time spent in this place.
 C = Inter-level travel time spent in this place.
 D = Time resting spent in this place.
 E = Time spent auto-exploring this place.
 F = Levels seen in this place.
 G = Mean time per level.
                   A        B        C        D        E       F      G
               +--------+--------+--------+--------+--------+-----+--------+
         Total |    115 |     98 |     17 |      0 |     48 |   2 |   57.5 |
       Dungeon |    115 |     98 |     17 |      0 |     48 |   2 |   57.5 |
               +--------+--------+--------+--------+--------+-----+--------+

Top non-repeatable levels by time:
     D:1: 100 daAuts
     D:2: 15 daAuts
